 Dungeon Crawl Stone Soup version 0.28.0 (webtiles) character file.

Game seed: 8398339050829510255

219 Ayyar the Skirmisher (level 5, -5/41 HPs)
             Began as a Demonspawn Fighter on Apr 27, 2022.
             Slain by an ogre (12 damage)
             ... on level 4 of the Dungeon.
             The game lasted 00:09:24 (3541 turns).

Ayyar the Skirmisher (Demonspawn Fighter)           Turns: 3541, Time: 00:09:24

Health: -5/41      AC:  9    Str: 18    XL:     5   Next: 63%
Magic:  5/5        EV:  9    Int: 10    God:
Gold:   136        SH:  4    Dex: 12    Spells: 4/4 levels left

rFire   . . .      SeeInvis .   a - +0 war axe
rCold   . . .      Faith    .   c - +0 buckler
rNeg    . . .      Spirit   .   b - +0 scale mail
rPois   .          Reflect  .   (no helmet)
rElec   .          Harm     .   o - +0 cloak
rCorr   .          Rampage  .   (no gloves)
Will    .....                   t - +0 pair of boots
Stlth   ..........              (no amulet)
HPRegen 0.13/turn               (no ring)
MPRegen 0.09/turn               (no ring)

@: no status effects
A: claws 1, powered by death 1, demonic magic 2
a: no special abilities


You were on level 4 of the Dungeon.
You visited 1 branch of the dungeon, and saw 4 of its levels.

You collected 136 gold pieces.

Inventory:

Hand Weapons
 a - a +0 war axe (weapon)
Missiles
 l - a silver javelin (quivered)
Armour
 b - a +0 scale mail (worn)
 c - a +0 buckler (worn)
 o - a +0 cloak (worn)
 r - the +2 robe of Ynapok {Str+4 Archmagi}
   (You found it on level 3 of the Dungeon)

   Str:       It affects your strength (+4).
   Archmagi:  It increases the power of your magical spells.
 t - a +0 pair of boots (worn)
Wands
 e - a wand of flame (19)
Scrolls
 f - 3 scrolls of identify {unknown}
 g - a scroll of teleportation {unknown}
 i - a scroll of enchant armour {unknown}
 j - 3 scrolls of noise {unknown}
 k - a scroll of brand weapon {unknown}
 n - a scroll of summoning {unknown}
Potions
 d - a potion of might
 h - 4 potions of curing {unknown}
 m - a potion of magic {unknown}
 p - a potion of resistance {unknown}
 q - a potion of flight {unknown}
 s - a potion of brilliance {unknown}


   Skills:
 + Level 3.5 Fighting
 * Level 3.3 Axes
 + Level 0.9 Throwing
 + Level 3.2 Armour
 + Level 1.5 Dodging
 + Level 3.2 Shields
 + Level 1.7 Evocations


You had 4 spell levels left.
You didn't know any spells.
Your spell library contained the following spells:

 Spells                   Type           Power      Damage    Failure   Level
 Corpse Rot               Necr/Air       0%         N/A       93%         2
 Poisonous Vapours        Pois/Air       0%         N/A       93%         2


Dungeon Overview and Level Annotations

Branches:
Dungeon (4/15)
 Temple: D:4-7

Altars:
Elyvilon

Shops:
D:1 :   D:3 (


Innate Abilities, Weirdness & Mutations

You have sharp fingernails.
You regenerate a little health from kills.
Spells you cast may paralyse nearby enemies.


Message History

Ouch! That really hurt!
* * * LOW HITPOINT WARNING * * *
The quokka closely misses you. The quokka barely misses you.
The ogre closely misses you.
The quokka twitches its whiskers.
There is a stone staircase leading up here.
The quokka bites you but does no damage.
You climb upwards.
There is a stone staircase leading down here.
You closely miss the quokka. The quokka bites you.
* * * LOW HITPOINT WARNING * * *
The quokka bites you but does no damage.
You hit the quokka.
You kill the quokka!
You see here a quokka corpse.
You start resting.
HP restored.
There is a stone staircase leading down here.
You climb downwards.
There is a stone staircase leading up here.
You barely miss the ogre. The ogre closely misses you.
The ogre hits you with a +0 giant club.
You hit the ogre but do no damage. You completely miss the iguana.
The iguana barely misses you. The ogre hits you with a +0 giant club!
You hit the ogre.
The ogre is lightly wounded.
You hit the iguana but do no damage. The iguana barely misses you.
The iguana bites you but does no damage.
The ogre hits you with a +0 giant club!
You hit the ogre.
The ogre is lightly wounded.
You hit the iguana. You block the iguana's attack.
The ogre hits you with a +0 giant club!
* * * LOW HITPOINT WARNING * * *
You hit the ogre.
The ogre is moderately wounded.
You hit the iguana. The iguana barely misses you.
The ogre hits you with a +0 giant club!
You die...

##........... ### #............
##.###............ ##
#...#.............
##.###................
##..#........##..#....
#...........##..##.##.
...#.#.......##l......# ## ..
#)...#...@O.<...###.##. .
#)[...##)............. .
#.....#####.........##.
.......# #.......#..#.....
...#.....#####........###....
#..####......###.......<.#.....
#. .##...................#.....
. #..........##.#......##....#
.##.........######....###.....


You could see an ogre and an iguana.

Vanquished Creatures
  Crazy Yiuf (D:2)
  Terence (D:3)
  2 orc wizards (D:4)
  4 adders
  A white imp (D:4)
  A worm (D:2)
  2 dart slugs
  2 orcs
  5 endoplasms
  3 giant cockroaches
  7 goblins
  4 hobgoblins
  4 jackals (D:1)
  8 kobolds
  A quokka (D:3)
  5 ball pythons
  5 bats
  2 frilled lizards
  9 rats
67 creatures vanquished.

Notes
Turn   | Place    | Note
-------+----------+-------------------------------------------
     0 | D:1      | Ayyar the Demonspawn Fighter began the quest for the Orb.
     0 | D:1      | Reached XP level 1. HP: 18/18 MP: 1/1
    61 | D:1      | You fall into a shaft and drop 1 floor!
    70 | D:2      | Gained mutation: Spells you cast may paralyse adjacent
                  | enemies. [demonic ancestry]
    70 | D:2      | Reached XP level 2. HP: 5/24 MP: 2/2
   784 | D:1      | Found Wuisei Zetugh's Book Boutique.
   912 | D:1      | Gained mutation: You have sharp fingernails. [demonic
                  | ancestry]
   912 | D:1      | Reached XP level 3. HP: 25/29 MP: 3/3
  1292 | D:2      | Found a faded altar of an unknown god.
  1521 | D:2      | Found a runed translucent door.
  1522 | D:2      | Noticed Crazy Yiuf
  1841 | D:2      | Killed Crazy Yiuf
  1842 | D:2      | Reached skill level 1 in Dodging
  1842 | D:2      | Reached skill level 1 in Evocations
  1842 | D:2      | Gained mutation: You regenerate a little health from kills.
                  | [demonic ancestry]
  1842 | D:2      | Reached XP level 4. HP: 29/35 MP: 1/4
  2125 | D:3      | Noticed Terence
  2132 | D:3      | Killed Terence
  2418 | D:3      | Gained mutation: Spells you cast may paralyse nearby
                  | enemies. [demonic ancestry]
  2418 | D:3      | Reached XP level 5. HP: 29/41 MP: 5/5
  2644 | D:3      | Identified the +2 robe of Ynapok {Str+4 Archmagi}
  2728 | D:3      | Found Wateychojon's Antique Weapon Boutique.
  3238 | D:4      | Noticed an ogre
  3541 | D:4      | Slain by an ogre

Illustrated notes

Levels and vault maps discovered:
D:1:      dpeg_arrival_short_road, layout_rooms, serial_shops,
          nicolae_shop_behind_doors, serial_co_window_serial, co_window_paths_a,
          co_window_corner_a, co_window_paths_a, co_window_paths_a,
          co_window_of_opportunity_a, co_window_corner_b, co_window_broadway_b,
          co_window_of_opportunity_b, co_window_broadway_c,
          co_window_of_opportunity_b, co_window_broadway_a, co_window_4corner_b,
          glass_columns_a, glass_columns_a, glass_columns_a,
          chequers_serial_rivers_small_3, minivault_24
D:2:      layout_rooms, nicolae_ecumenical_pavilion, uniq_crazy_yiuf_cottage
D:3:      layout_loops_ring, nicolae_elyvilon_peaceful_grove, serial_shops,
          shop, uniq_terence
D:4:      layout_cave_pools, cheibriados_altar_1,
          gammafunk_temple_overflow_statue, small_statue_intersection

Skill      XL: |  1  2  3  4 |
---------------+-------------+-----
Axes           | 2 3 |  3.3
Shields        | 3 |  3.2
Dodging        | 1 |  1.5
Evocations     | 1 |  1.7
Armour         | 3 |  3.2
Fighting       | |  3.5
Throwing       | |  0.9

Action                   |  1- 3 |  4- 6 || total
-------------------------+-------+-------++-------
Melee: War axe           |    91 |    80 ||   171
Throw: Javelin           |       |     5 ||     5
Armor: Scale mail        |    61 |    40 ||   101
Dodge: Dodged            |    47 |    37 ||    84
Block: Buckler           |    18 |    21 ||    39
